 Seeded DCSS version 0.31-a0-219-g8d62b2e7bb (webtiles) character file.

Game seed: 18346887137507914922 (custom seed)

335 innerfire43 the Trooper (level 6, -8/49 HPs)
             Began as a Demonspawn Monk on July 3, 2023.
             Was a Believer of Uskayaw.
             Mangled by an orc knight
             ... wielding a +0 halberd
             ... created by the fury of Okawaru
              (24 damage)
             ... on level 4 of the Dungeon.
             The game lasted 00:03:35 (3242 turns).

innerfire43 the Trooper (Demonspawn Monk)           Turns: 3242, Time: 00:03:36

Health: -8/49      AC: 15    Str: 13    XL:     6   Next: 28%
Magic:  6/6        EV: 12    Int: 11    God:    Uskayaw [**....]
Gold:   121        SH:  4    Dex: 16    Spells: 5/5 levels left

rFire   . . .        n - +2 war axe (heavy)
rCold   + . .        d - orb {light}
rNeg    . . .        l - +2 ring mail "Naukank" {rC+}
rPois   .            (no helmet)
rElec   .            j - +0 cloak
rCorr   .            r - +0 pair of gloves
SInv    .            (no boots)
Will    .....        (no amulet)
Stlth   +            (no ring)
HPRegen 0.28/turn    (no ring)
MPRegen 0.10/turn

%: no passive effects
@: glowing
A: yellow scales 1, icemail 1, condensation shield
a: Renounce Religion, Stomp, Line Pass


You were on level 4 of the Dungeon.
You worshipped Uskayaw.
Uskayaw was noncommittal.
You visited 1 branch of the dungeon, and saw 4 of its levels.

You collected 121 gold pieces.

Inventory:

Hand Weapons
 a - a +0 hand axe
 n - a +2 heavy war axe (weapon)
Missiles
 s - a throwing net
Armour
 b - a +0 robe
 d - an orb of light (worn)
 j - a +0 cloak (worn)
 l - the +2 ring mail "Naukank" (worn) {rC+}
   (You found it on level 2 of the Dungeon)

   rC:        It protects you from cold.
 r - a +0 pair of gloves (worn)
Jewellery
 i - a ring of positive energy
Scrolls
 e - a scroll of torment {unknown}
 o - 2 scrolls of teleportation {unknown}
 p - a scroll of acquirement
 q - 4 scrolls of fog {unknown}
 t - 2 scrolls of poison {unknown}
 x - a scroll of identify
 y - a scroll of immolation {unknown}
Potions
 c - a potion of ambrosia
 f - a potion of resistance {unknown}
 g - 2 potions of heal wounds
 h - a potion of cancellation {unknown}
 k - 3 potions of curing {unknown}
 m - 2 potions of haste {unknown}
 u - a potion of lignification {unknown}
 v - a potion of brilliance {unknown}
 w - a potion of mutation {unknown}


   Skills:
 + Level 4.7 Fighting
 + Level 4.3 Axes
 + Level 4.3 Dodging


You had 5 spell levels left.
You didn't know any spells.
Your spell library contained the following spells:

 Spells                   Type           Power      Damage    Failure   Level
 Ozocubu's Armour         Ice            0%         N/A       93%         3
 Ozocubu's Refrigeration  Ice            0%         4d7       100%        7
 Borgnjor's Revivificati  Necr           0%         N/A       100%        8
 Necromutation            Tmut/Necr      0%         N/A       100%        8
 Death's Door             Necr           0%         N/A       100%        9


Dungeon Overview and Level Annotations

Branches:
Dungeon (4/15)
 Temple: D:4-7

Altars:
Okawaru
Uskayaw


Innate Abilities, Weirdness & Mutations

You are partially covered in yellow scales. (AC +2)
A meltable icy envelope protects you from harm. (AC +4)
A meltable shield of frost defends you. (SH +4)


Message History

An orc warrior is wielding a +1 antimagic battleaxe.
You slice the orc knight!!
The orc knight is moderately wounded.
You can now stomp with the beat.
There are monsters nearby!
You barely miss the orc knight.
The orc knight is moderately wounded.
The orc priest mumbles some strange prayers to Okawaru against you.
Okawaru smites you!
You slice the orc knight!!
The orc knight is heavily wounded.
You slash the ogre!
The orc sorcerer casts a spell.
The orc hits you from afar with a +0 trident.
The orc knight hits you with a +0 halberd.
The ogre misses you.
The orc sorcerer casts a spell.
An orc warrior comes into view. It is wielding a +0 battleaxe.
The orc closely misses you.
You can now pass through a line of other dancers.
You slash the orc knight!
The orc knight is severely wounded.
You slash the ogre!
The orc sorcerer casts a spell.
The orc priest calls down the wrath of Okawaru upon you.
Okawaru smites you! The orc closely misses you. You block the ogre's attack.
The orc misses you.
The orc knight hits you with a +0 halberd!
* * * LOW HITPOINT WARNING * * *
Unknown command.
It was a potion of heal wounds.
You feel much better. The orc barely misses you.
The ogre hits you with a +0 giant club!
The orc knight hits you with a +0 halberd!
You barely miss the orc knight.
The orc knight is heavily wounded.
You slash the ogre!
You kill the ogre!
That felt strangely unrewarding.
The orc knight hits you with a +0 halberd!!
You die...

#....#. #...... ..#
#....# ....######..#
#...# ^....o.@##..#
#...#
###..##o##..####.#.###
##.##o3#.>.<.......#
#..o#oo...........##
###..#43...........##
#..................#
####..........†..<.#
#................
#.......#######.#


You could see an orc knight, an orange demon (summoned), a sixfirhy (summoned),
a smoke demon (summoned), an orc sorcerer, 2 orc warriors, an orc priest and an
orc.

Vanquished Creatures
  A black bear (D:3)
  An ogre (D:4)
  The ghost of innerfire43 the Trooper, a weakling DsMo of Okawaru (D:3)
  An orc priest (D:3)
  An iguana (D:4)
  A howler monkey zombie (D:3)
  7 adders
  A howler monkey skeleton (D:3)
  3 dart slugs
  3 orcs (D:3)
  3 bats
  4 endoplasms
  A giant cockroach (D:2)
  3 goblins
  3 hobgoblins
  6 jackals
  7 kobolds
  4 quokkas
  5 ball pythons
  2 frilled lizards
  6 rats
64 creatures vanquished.

Notes
Turn   | Place    | Note
-------+----------+-------------------------------------------
     0 | D:1      | innerfire43 the Demonspawn Monk began the quest for the
                  | Orb.
     0 | D:1      | Reached XP level 1. HP: 18/18 MP: 1/1
   162 | D:1      | Gained mutation: A meltable shield of frost defends you.
                  | (SH +4) [demonic ancestry]
   162 | D:1      | Reached XP level 2. HP: 24/24 MP: 2/2
   985 | D:2      | Gained mutation: A meltable icy envelope protects you from
                  | harm. (AC +4) [demonic ancestry]
   985 | D:2      | Reached XP level 3. HP: 20/29 MP: 3/3
  1032 | D:2      | Identified the +2 ring mail "Naukank" {rC+}
  1540 | D:2      | Found a faded altar of an unknown god.
  1585 | D:2      | Prayed at the altar of an unknown god.
  1585 | D:2      | Became a worshipper of Warmaster Okawaru
  1585 | D:2      | Reached * piety under Okawaru
  1585 | D:2      | Reached ** piety under Okawaru
  2016 | D:3      | Reached XP level 4. HP: 37/37 MP: 4/4
  2256 | D:3      | Found a runed translucent gate.
  2256 | D:3      | Found a runed translucent gate.
  2256 | D:3      | Found a runed translucent gate.
  2262 | D:3      | Noticed innerfire43's ghost (weakling DsMo)
  2395 | D:3      | Noticed a black bear
  2410 | D:3      | Killed a black bear
  2410 | D:3      | Reached *** piety under Okawaru
  2411 | D:3      | Reached XP level 5. HP: 27/43 MP: 5/5
  2939 | D:3      | Identified a scroll of acquirement
  2940 | D:3      | Acquired a +2 heavy war axe
  2949 | D:3      | Killed innerfire43's ghost
  2950 | D:3      | Gained mutation: You are partially covered in yellow
                  | scales. (AC +2) [demonic ancestry]
  2950 | D:3      | Reached XP level 6. HP: 45/49 MP: 6/6
  3115 | D:4      | Found a hide-covered altar of Uskayaw.
  3156 | D:4      | Fell from the grace of Okawaru
  3156 | D:4      | Became a worshipper of Uskayaw the Reveller
  3237 | D:4      | Noticed an orc knight
  3237 | D:4      | Noticed an orc sorcerer
  3237 | D:4      | Noticed an orc warrior
  3237 | D:4      | Reached * piety under Uskayaw
  3239 | D:4      | Noticed an orc warrior
  3239 | D:4      | Reached ** piety under Uskayaw
  3240 | D:4      | Noticed a smoke demon
  3240 | D:4      | Noticed an orange demon
  3242 | D:4      | Noticed a sixfirhy
  3242 | D:4      | Mangled by an orc knight

Illustrated notes

Levels and vault maps discovered:
D:1:      heliophobic_arrival_ceremonial_halls, layout_basic
D:2:      layout_basic, shapermc_ecumenical_altar_mp_highgroup,
          grunt_ministairs_10, minivault_5, chequers_decorated_corner
D:3:      layout_loops_corners, serial_glass, glass_columns_a, glass_columns_c,
          glass_columns_c, glass_columns_b, gammafunk_ghost_necromancy,
          dk_vineyard_1, kennysheep_cross_room, grunt_decor_clamped
D:4:      layout_rooms, nicolae_qazlal_eye_of_the_storm,
          nicolae_uskayaw_suspiria, kennysheep_nub

Skill      XL: |  1  2  3  4  5 |
---------------+----------------+-----
Dodging        | 3 4 |  4.3
Axes           | 3 4 |  4.3
Fighting       | 4 |  4.7

Action                     |  1- 3 |  4- 6 || total
---------------------------+-------+-------++-------
  Melee: Hand axe          |   104 |    63 ||   167
         War axe           |       |    15 ||    15
    Use: Scroll            |       |     2 ||     2
         Potion            |       |     1 ||     1
 Armour: Robe              |     8 |       ||     8
         Ring mail         |    24 |    46 ||    70
  Dodge: Dodged            |    65 |    56 ||   121
  Block: Orb               |    21 |    20 ||    41

Table legend: (Time is in decaauts)
 A = Elapsed time spent in this place.
 B = Non-inter-level travel time spent in this place.
 C = Inter-level travel time spent in this place.
 D = Time resting spent in this place.
 E = Time spent auto-exploring this place.
 F = Levels seen in this place.
 G = Mean time per level.
                   A        B        C        D        E       F      G
               +--------+--------+--------+--------+--------+-----+--------+
         Total |   3277 |   2978 |    299 |      0 |   2536 |   4 |  819.2 |
       Dungeon |   3277 |   2978 |    299 |      0 |   2536 |   4 |  819.2 |
               +--------+--------+--------+--------+--------+-----+--------+

Top non-repeatable levels by time:
     D:3: 1214 daAuts
     D:1: 955 daAuts
     D:2: 935 daAuts
     D:4: 172 daAuts
